[Event "Titled Tuesday Blitz April 19 Late 2022"]
[White "Janaszak, Dawid"]
[Black "Kollars, Dmitrij"]
[WhiteFideId "1119206"]
[BlackFideId "12909572"]
[WhiteElo "2199"]
[BlackElo "2584"]
[Result "0-1"]
[Round "02"]
[TimeControl "180+1"]
[Date "2022.04.19"]
[WhiteClock "0:00:09"]
[BlackClock "0:00:09"]

1. e4 c6 2. d4 d5 3. exd5 cxd5 4. Bd3 Nc6 5. c3 Nf6 6. Bf4 Bg4 7. Qb3 Qc8 8. Nd2 e6 9. Ngf3 Bh5 10. O-O Bg6 11. Bxg6 hxg6 12. Qb5 Be7 13. Qd3 a6 14. Rae1 Nd7 15. h4 Bxh4 16. Bg5 Bxg5 17. Nxg5 Qc7 18. Rxe6+ Ne7 19. Rxe7+ Kxe7 20. f4 Nf6 21. Ndf3 Ne4 22. Nxe4 dxe4 23. Qxe4+ Kf8 24. Ne5 Rh6 25. f5 g5 26. f6 gxf6 27. Ng4 Re8 28. Qf3 Rh4 29. Nxf6 Qh2+ 30. Kf2 Rf4 0-1


[Site "https://www.chess.com"]

[Event "Titled Tuesday Blitz April 19 Late 2022"]
[White "Janturin, Artur"]
[Black "Kavyev, Ruslan"]
[WhiteFideId "4130022"]
[BlackFideId "34110981"]
[WhiteElo "2374"]
[BlackElo "2182"]
[Result "0-1"]
[Round "02"]
[TimeControl "180+1"]
[Date "2022.04.19"]
[WhiteClock "0:00:06"]
[BlackClock "0:00:37"]

1. b3 e5 2. Bb2 Nc6 3. e3 Nf6 4. Nf3 e4 5. Nd4 Bd6 6. d3 O-O 7. Nd2 Re8 8. dxe4 Nxe4 9. Nxe4 Rxe4 10. Bd3 Re8 11. Qh5 g6 12. Qh6 Be5 13. Nxc6 dxc6 14. Bxe5 Rxe5 15. Rd1 Qf6 16. O-O Bg4 17. f3 Bf5 18. Bxf5 Qxf5 19. e4 Qf6 20. Rd7 Rh5 21. Qe3 Qe6 22. Rfd1 Re8 23. Rd8 c5 24. R8d7 Qe5 25. g3 b6 26. R7d5 Qxd5 27. Rxd5 Rxd5 28. Qf4 Rd7 29. h4 h5 30. g4 hxg4 31. Qxg4 Rd2 32. h5 Re6 33. Qf4 Rxc2 34. Qxc7 gxh5 35. Qxa7 Rg6+ 36. Kf1 Rgg2 37. Qxb6 Rh2 38. Kg1 Rcg2+ 39. Kf1 Rxa2 40. Qb8+ Kh7 41. Kg1 Rhb2 42. Qe5 Rb1# 0-1


[Site "https://www.chess.com"]

[Event "Titled Tuesday Blitz April 19 Late 2022"]
[White "Jessel, Stephen"]
[Black "Yurasova, Daria"]
[WhiteFideId "628859"]
[BlackFideId "34146919"]
[WhiteElo "2268"]
[BlackElo "2064"]
[Result "1-0"]
[Round "02"]
[TimeControl "180+1"]
[Date "2022.04.19"]
[WhiteClock "0:00:06"]
[BlackClock "0:00:05"]

1. Nf3 d5 2. c4 c6 3. g3 Nf6 4. Bg2 g6 5. Qa4 Bg7 6. cxd5 Nxd5 7. d4 O-O 8. O-O Nf6 9. Nc3 Nbd7 10. e4 Re8 11. Rd1 Qc7 12. Bf4 Qb6 13. Qc2 Kf8 14. Rac1 Kg8 15. h3 Nf8 16. Be3 Qd8 17. Ne5 N8d7 18. Nc4 Nb6 19. Na5 Nbd7 20. b4 Nf8 21. a3 h5 22. Na4 Ne6 23. d5 cxd5 24. exd5 Nf8 25. Nc5 b6 26. Nc6 Bf5 27. Nd3 Qd6 28. Qb3 Bxd3 29. Rxd3 Qd7 30. Rcd1 Rac8 31. b5 N6h7 32. d6 e6 33. Ne7+ Rxe7 34. dxe7 Qxe7 35. Bc6 Nf6 36. a4 h4 37. g4 Qc7 38. Bg5 Qe5 39. Bxh4 Qf4 40. Bg3 Qh6 41. Kg2 e5 42. Bxe5 Ne6 43. Rf3 Nc5 44. Qc4 Qg5 45. Qd4 Ne6 46. Qa1 Ne8 47. Bxg7 N8xg7 48. Kg3 Qh4+ 49. Kxh4 1-0


[Site "https://www.chess.com"]

[Event "Titled Tuesday Blitz April 19 Late 2022"]
[White "Jobava, Baadur"]
[Black "Szpar, Milosz"]
[WhiteFideId "13601520"]
[BlackFideId "1184989"]
[WhiteElo "2617"]
[BlackElo "2447"]
[Result "1-0"]
[Round "02"]
[TimeControl "180+1"]
[Date "2022.04.19"]
[WhiteClock "0:01:43"]
[BlackClock "0:00:09"]

1. e4 c5 2. Nf3 d6 3. d4 cxd4 4. Nxd4 Nf6 5. f3 e5 6. Nb3 d5 7. Bg5 d4 8. c3 Nc6 9. Bb5 h6 10. Bh4 Qb6 11. Bxc6+ bxc6 12. Bxf6 gxf6 13. cxd4 Bb4+ 14. Nc3 Ba6 15. Qd2 Rd8 16. d5 cxd5 17. exd5 Bc4 18. O-O-O Rxd5 19. Qc2 Rxd1+ 20. Rxd1 O-O 21. Nd5 Bxd5 22. Rxd5 Qe6 23. Qd3 a5 24. a3 a4 25. axb4 axb3 26. Qxb3 Rc8+ 27. Kb1 Kg7 28. Qd3 Qb6 29. Qe4 Qg1+ 30. Ka2 Qxg2 31. Kb3 Qxh2 32. Qg4+ 1-0


[Site "https://www.chess.com"]

[Event "Titled Tuesday Blitz April 19 Late 2022"]
[White "Kamsky, Gata"]
[Black "Zlatin, Alexander"]
[WhiteFideId "2000024"]
[BlackFideId "2810549"]
[WhiteElo "2645"]
[BlackElo "2228"]
[Result "1/2-1/2"]
[Round "02"]
[TimeControl "180+1"]
[Date "2022.04.19"]
[WhiteClock "0:00:16"]
[BlackClock "0:00:06"]

1. e4 e5 2. Nf3 Nc6 3. Bb5 a6 4. Ba4 Nf6 5. O-O Nxe4 6. d4 b5 7. Bb3 d5 8. dxe5 Be6 9. Qe2 Nc5 10. Nc3 Nxb3 11. cxb3 Bb4 12. Rd1 O-O 13. Bg5 Qd7 14. Rac1 h6 15. Bf4 Be7 16. h3 Rad8 17. Qd2 d4 18. Ne4 Bd5 19. Qd3 Nb4 20. Qxd4 Qc8 21. Qe3 Nxa2 22. Ra1 Nb4 23. Rd2 Qb7 24. Re1 Bxe4 25. Qxe4 Qxe4 26. Rxe4 Nd5 27. Rc2 c5 28. Bd2 Rd7 29. Rc1 Rfd8 30. Ra1 Nc7 31. Ba5 Rd1+ 32. Re1 Rxe1+ 33. Nxe1 Rd7 34. Bxc7 Rxc7 35. Rxa6 Rd7 36. Nf3 Rd1+ 37. Kh2 Rd3 38. Ra7 Bf8 39. Ra8 Rxb3 40. e6 fxe6 41. Ne5 Rxb2 42. f4 c4 43. Ng6 c3 44. Rxf8+ Kh7 45. Ne5 c2 46. Rc8 b4 47. h4 h5 48. Nf3 b3 49. Nd4 Rb1 50. Nxb3 Rxb3 51. Rxc2 Rb4 52. g3 Kg6 53. Rc5 Rb2+ 54. Kh3 Rd2 55. Rg5+ Kh6 56. Re5 Rd6 57. Kg2 g6 58. Kf3 Kg7 59. Ke3 Kf6 60. Rb5 Ra6 61. Rg5 Ra3+ 62. Kf2 Ra2+ 63. Kf3 Ra3+ 64. Kf2 Ra2+ 65. Kf3 Ra3+ 66. Kg2 Ra2+ 67. Kh3 Ra3 68. Re5 Rb3 69. Rc5 Rd3 70. Rc8 Ra3 71. Rc2 Rb3 72. Kg2 Ra3 73. Re2 Rb3 74. Kf2 Rc3 75. Re3 Rc2+ 76. Kf3 Rc1 77. Rb3 Rc2 78. Ke4 Rc4+ 79. Kf3 Ra4 80. g4 hxg4+ 81. Kxg4 Ra1 82. Rg3 Rc1 83. Re3 Rg1+ 84. Kh3 Rf1 85. Kg3 Rg1+ 86. Kf3 Rb1 87. Kg4 Rg1+ 88. Kh3 Rh1+ 89. Kg3 Rg1+ 90. Kf3 Rh1 91. Kg4 Rg1+ 1/2-1/2


[Site "https://www.chess.com"]

[Event "Titled Tuesday Blitz April 19 Late 2022"]
[White "Kanyamarala, Tarun"]
[Black "Lima, Kleyton Alcantara"]
[WhiteFideId "45004714"]
[BlackFideId "22718397"]
[WhiteElo "2177"]
[BlackElo "1951"]
[Result "1-0"]
[Round "02"]
[TimeControl "180+1"]
[Date "2022.04.19"]
[WhiteClock "0:01:00"]
[BlackClock "0:00:04"]

1. d4 Nf6 2. Nc3 d5 3. Bf4 e6 4. Nb5 Na6 5. e3 c6 6. Nc3 Nc7 7. Nf3 Bb4 8. Bd3 Ne4 9. Bxe4 dxe4 10. Nd2 Bxc3 11. bxc3 f5 12. c4 g5 13. Be5 O-O 14. h4 g4 15. Nf1 b5 16. cxb5 cxb5 17. Ng3 Nd5 18. Ne2 Ba6 19. a3 Rc8 20. g3 b4 21. O-O Bxe2 22. Qxe2 a5 23. axb4 Nxb4 24. Rfc1 Rf7 25. Qb5 Nxc2 26. Rxa5 h5 27. Qb3 Qxa5 28. Qxe6 Qd8 29. Qg6+ Kf8 30. Bd6+ Ke8 31. Qe6+ Re7 32. Bxe7 Qxe7 33. Qxc8+ Kf7 34. Rxc2 1-0


[Site "https://www.chess.com"]

[Event "Titled Tuesday Blitz April 19 Late 2022"]
[White "Karas, Marek"]
[Black "Lopez Idarraga, Daniel Eduardo"]
[WhiteFideId "14928558"]
[BlackFideId "4405501"]
[WhiteElo "2271"]
[BlackElo "2055"]
[Result "0-1"]
[Round "02"]
[TimeControl "180+1"]
[Date "2022.04.19"]
[WhiteClock "0:00:04"]
[BlackClock "0:00:37"]

1. d4 d5 2. c4 c6 3. Nf3 Nf6 4. Nc3 e6 5. g3 Nbd7 6. Bg2 dxc4 7. O-O Be7 8. e4 O-O 9. a4 a5 10. Qe2 Nb6 11. Rd1 Bd7 12. Ne5 Be8 13. Nxc4 Nxc4 14. Qxc4 Qb6 15. Be3 Qb4 16. Qe2 Rd8 17. d5 cxd5 18. exd5 Nxd5 19. Nxd5 exd5 20. Bxd5 Bxa4 21. Rd4 Qb5 22. Qh5 Rxd5 23. Rxd5 Qb3 24. Rxa5 Bc6 25. Bd4 Rd8 26. Bc3 Bb4 27. Ra8 Rf8 28. Rxf8+ Bxf8 29. Qe5 Qc2 30. h3 Qd3 31. Qe3 Qd5 32. Kf1 Qh1+ 33. Ke2 Qxa1 34. Qb6 Qa6+ 35. Qxa6 bxa6 36. Ke3 Bb5 37. Bd4 Bb4 38. h4 f6 39. Ke4 Kf7 40. Kd5 Kg6 41. Ke4 Kh5 42. Kf5 Bd7+ 43. Kf4 Bd6+ 44. Kf3 Bc6+ 45. Ke3 Kg4 46. Bc3 Bc5+ 47. Ke2 Bb5+ 48. Ke1 Kf3 0-1


[Site "https://www.chess.com"]

[Event "Titled Tuesday Blitz April 19 Late 2022"]
[White "Kazakouski, Valery"]
[Black "Wachinger, Guenther"]
[WhiteFideId "13507443"]
[BlackFideId "4604261"]
[WhiteElo "2524"]
[BlackElo "2212"]
[Result "1-0"]
[Round "02"]
[TimeControl "180+1"]
[Date "2022.04.19"]
[WhiteClock "0:00:33"]
[BlackClock "0:00:45"]

1. d4 d5 2. c4 e6 3. Nf3 c6 4. Qc2 Nf6 5. Nbd2 Nbd7 6. g3 Be7 7. Bg2 O-O 8. O-O b6 9. e4 dxc4 10. Nxc4 Bb7 11. e5 Nd5 12. h4 h6 13. Rd1 c5 14. Qe4 Qc8 15. Qg4 Kh8 16. Bd2 cxd4 17. Rac1 Qb8 18. Qh5 b5 19. Na5 Bb4 20. Bxb4 Nxb4 21. Nxb7 Qxb7 22. Ng5 Nd5 23. Nxf7+ Kg8 24. Nxh6+ gxh6 25. Qg6+ Kh8 26. Qxh6+ Kg8 27. Qxe6+ Kh8 28. Bxd5 Rae8 29. Qh6# 1-0


[Site "https://www.chess.com"]

[Event "Titled Tuesday Blitz April 19 Late 2022"]
[White "Koc, Przemyslaw"]
[Black "Lock, Gavin R"]
[WhiteFideId "1109081"]
[BlackFideId "408646"]
[WhiteElo "2141"]
[BlackElo "2104"]
[Result "1-0"]
[Round "02"]
[TimeControl "180+1"]
[Date "2022.04.19"]
[WhiteClock "0:00:33"]
[BlackClock "0:00:01"]

1. d4 d5 2. Nf3 Nf6 3. e3 c5 4. b3 cxd4 5. exd4 Nc6 6. Bd3 Bg4 7. Bb2 Rc8 8. a3 e6 9. Nbd2 Be7 10. h3 Bh5 11. O-O O-O 12. Qe2 Re8 13. Rac1 Bd6 14. g4 Bg6 15. Ne5 Qb6 16. Nxc6 bxc6 17. f4 Bxd3 18. cxd3 Nd7 19. Kh1 a5 20. a4 Bb4 21. Nf3 Bd6 22. Qd1 Rb8 23. Bc3 Rec8 24. Ne5 Nf8 25. Rb1 f6 26. Nf3 Bb4 27. Bxb4 Qxb4 28. Qe2 Qd6 29. Nh4 Rb4 30. Qe3 Rcb8 31. f5 e5 32. dxe5 Qxe5 33. Qxe5 fxe5 34. Nf3 Nd7 35. Nd2 h6 36. Rbc1 R8b6 37. Rc2 Rd4 38. Rc3 Kf7 39. Rfc1 Ke7 40. Nf3 Rf4 41. Kg2 Kd6 42. Nd2 Rfb4 43. Kg3 1-0


[Site "https://www.chess.com"]

[Event "Titled Tuesday Blitz April 19 Late 2022"]
[White "Koelle, Tobias"]
[Black "Alekseenko, Kirill"]
[WhiteFideId "16207378"]
[BlackFideId "4135539"]
[WhiteElo "2541"]
[BlackElo "2682"]
[Result "0-1"]
[Round "02"]
[TimeControl "180+1"]
[Date "2022.04.19"]
[WhiteClock "0:00:22"]
[BlackClock "0:00:22"]

1. d4 d5 2. c4 dxc4 3. e3 e5 4. Bxc4 Nc6 5. Nf3 e4 6. Nfd2 Qg5 7. Kf1 Nf6 8. Nc3 Qg6 9. Nb5 Bd6 10. Qb3 O-O 11. Qc2 a6 12. Nxd6 cxd6 13. a3 d5 14. Be2 Bg4 15. Bxg4 Nxg4 16. h3 Nf6 17. Nb3 Rac8 18. Qe2 h5 19. Bd2 h4 20. Kg1 Ne7 21. Bb4 Rfe8 22. Bxe7 Rxe7 23. Kh2 Rec7 24. Rhc1 Rc4 25. Qd2 Nh5 26. Kg1 f5 27. Na5 Rxc1+ 28. Rxc1 Rf8 29. Qe2 Rf6 30. Nxb7 Qg5 31. f4 exf3 32. Qxf3 Kh7 33. Nc5 Ng3 34. Rc2 f4 35. e4 Qg6 36. Nd7 dxe4 37. Nxf6+ Qxf6 38. Qd1 e3 39. Qd3+ g6 40. d5 e2 41. Rxe2 Qd4+ 42. Qxd4 Nxe2+ 43. Kf1 Nxd4 44. Ke1 Kg7 45. Kd2 Kf6 46. b4 Ke5 47. Kd3 Kxd5 48. a4 g5 49. Kc3 g4 50. hxg4 f3 51. Kd3 fxg2 0-1


[Site "https://www.chess.com"]

[Event "Titled Tuesday Blitz April 19 Late 2022"]
[White "Kosteniuk, Alexandra"]
[Black "Sarana, Alexey"]
[WhiteFideId "4128125"]
[BlackFideId "24133795"]
[WhiteElo "2469"]
[BlackElo "2666"]
[Result "0-1"]
[Round "02"]
[TimeControl "180+1"]
[Date "2022.04.19"]
[WhiteClock "0:00:17"]
[BlackClock "0:01:07"]

1. e4 c5 2. c3 d5 3. exd5 Qxd5 4. d4 Nc6 5. Nf3 Bf5 6. Be3 cxd4 7. Nxd4 Nf6 8. Nxf5 Qxf5 9. Bd3 Qd5 10. O-O O-O-O 11. Bc2 e5 12. Nd2 Bc5 13. Bb3 Qd6 14. Nc4 Qxd1 15. Raxd1 Bxe3 16. Nxe3 Rhf8 17. Nf5 Ne4 18. Bd5 Nc5 19. Nxg7 Na4 20. Be4 Rxd1 21. Rxd1 Nxb2 22. Rb1 Na4 23. Bxh7 Nxc3 24. Rb2 Nd4 25. Bd3 b5 26. Nf5 Rd8 27. Nxd4 Rxd4 28. Bf1 a5 29. g3 b4 30. h4 Kd7 31. h5 Ke7 32. f3 Kf6 33. Kf2 Kg5 34. Be2 Kxh5 35. Ke3 Kg6 36. Bd3+ f5 37. Rd2 Kf6 38. f4 Nd5+ 39. Ke2 e4 40. Bc2 Nc3+ 0-1


[Site "https://www.chess.com"]

[Event "Titled Tuesday Blitz April 19 Late 2022"]
[White "Koutlas, Nikolaos"]
[Black "Mangialardo, Tiago Carvalho"]
[WhiteFideId "25827138"]
[BlackFideId "2130718"]
[WhiteElo "1645"]
[BlackElo "2055"]
[Result "1-0"]
[Round "02"]
[TimeControl "180+1"]
[Date "2022.04.19"]
[WhiteClock "0:00:18"]
[BlackClock "0:00:17"]

1. g3 Nf6 2. Bg2 e6 3. d4 d5 4. Nf3 Be7 5. O-O O-O 6. b3 Nbd7 7. c4 b6 8. Nc3 Bb7 9. cxd5 Nxd5 10. Bb2 Rb8 11. Rc1 c5 12. Re1 Re8 13. Nxd5 Bxd5 14. e4 Bb7 15. Qe2 Nf6 16. Ne5 cxd4 17. Red1 Bc5 18. a3 a5 19. Nd3 Qe7 20. b4 axb4 21. axb4 Bxb4 22. Nxb4 Qxb4 23. Bxd4 e5 24. Rb1 Qa4 25. Bxb6 Bxe4 26. Ra1 Qc2 27. Qe3 Qc6 28. Bxe4 Qxe4 29. Bc7 Rbc8 30. Qxe4 Nxe4 31. Ra7 Nc3 32. Rd7 Nb5 33. Rb7 Nxc7 34. Rbxc7 Rxc7 35. Rxc7 g6 36. g4 Kg7 37. g5 h6 38. h4 hxg5 39. hxg5 Kf8 40. Kg2 Re7 41. Rc8+ Re8 42. Rc7 Re7 43. Rc6 Ke8 44. Kf3 Kd7 45. Ra6 Re6 46. Ra7+ Ke8 47. Ke4 Re7 48. Rxe7+ Kxe7 49. Kxe5 Ke8 50. Kf6 Kf8 51. f3 Ke8 52. Kg7 Ke7 53. f4 Ke6 54. Kg8 f6 55. Kg7 Kf5 56. Kh6 fxg5 57. fxg5 Ke6 58. Kxg6 Ke7 59. Kh7 Kf8 60. g6 Ke7 61. g7 Kf6 62. g8=Q Ke5 63. Qg7+ Kd6 64. Kh6 Kd5 65. Qg6 Ke5 66. Kh5 Kd4 67. Qg5 Ke4 68. Kg4 Kd4 69. Qf5 Ke3 70. Qf4+ Kd3 71. Kg3 Kc2 72. Qf3 Kd2 73. Kf2 Kc2 74. Qe3 Kd1 75. Qe2+ Kc1 76. Ke3 Kb1 77. Kd3 Ka1 78. Kc3 1-0


[Site "https://www.chess.com"]

[Event "Titled Tuesday Blitz April 19 Late 2022"]
[White "Krishnakumar, Sriram"]
[Black "Beerdsen, Thomas"]
[WhiteFideId "30915856"]
[BlackFideId "1030108"]
[WhiteElo "2416"]
[BlackElo "2585"]
[Result "1-0"]
[Round "02"]
[TimeControl "180+1"]
[Date "2022.04.19"]
[WhiteClock "0:00:09"]
[BlackClock "0:00:04"]

1. e4 e5 2. Nf3 Nc6 3. d4 exd4 4. Nxd4 Nf6 5. Nxc6 bxc6 6. e5 Qe7 7. Qe2 Nd5 8. h4 d6 9. c4 Ba6 10. Bg5 f6 11. exf6 Nxf6 12. Bxf6 gxf6 13. Nc3 f5 14. O-O-O Qxe2 15. Bxe2 Bg7 16. Kc2 O-O-O 17. b3 Bb7 18. Bf3 Be5 19. h5 Rhg8 20. h6 Rg5 21. g3 Rf8 22. Rh4 Rf6 23. Bg2 Rgg6 24. Rdh1 f4 25. Be4 fxg3 26. Bxg6 Rxg6 27. fxg3 Rxg3 28. Ne4 Rg2+ 29. Kd3 c5 30. Rf1 Rxa2 31. Rf8+ Kd7 32. Rf7+ Kc6 33. Rxh7 Rb2 34. Nd2 Bc8 35. Rf7 Be6 36. Rf8 d5 37. h7 dxc4+ 38. bxc4 a5 39. h8=Q Bxh8 40. Rhxh8 Bd7 41. Rf6+ Kb7 42. Rh7 Ba4 43. Rg7 Ra2 44. Rff7 Bc2+ 45. Kc3 Kb6 46. Rxc7 Bd1 47. Rb7+ Kc6 48. Rgc7+ Kd6 49. Ne4+ Ke5 50. Nxc5 Bf3 51. Rb5 Kd6 52. Ra7 Kc6 53. Ra6+ Kc7 54. Raxa5 Rh2 55. Ne6+ Kd6 56. Nd4 Be4 57. Ra6+ Kc7 58. Ne6+ Kc8 59. Nc5 Bh1 60. Rf6 Rh3+ 61. Kb4 Rh2 62. Ra5 Rb2+ 63. Kc3 Rh2 64. Ra7 Rh3+ 65. Kb4 Rh8 66. Rg7 Kb8 67. Nd7+ Ka8 68. Nb6+ Kb8 69. c5 Bc6 70. Ka5 Bb7 71. c6 Bxc6 72. Nd7+ Ka8 73. Nc5 Bd5 74. Kb6 Rb8+ 75. Kc7 Bb7 76. Rg1 Rc8+ 77. Kb6 Bd5 78. Ra1+ Ba2 79. Rxa2+ Kb8 80. Nd7# 1-0


[Site "https://www.chess.com"]

[Event "Titled Tuesday Blitz April 19 Late 2022"]
[White "Kujawski, Adam"]
[Black "Mortazavi, Ali"]
[WhiteFideId "1100920"]
[BlackFideId "401323"]
[WhiteElo "2053"]
[BlackElo "2339"]
[Result "0-1"]
[Round "02"]
[TimeControl "180+1"]
[Date "2022.04.19"]
[WhiteClock "0:00:01"]
[BlackClock "0:00:10"]

1. e4 c6 2. d4 d5 3. Nc3 dxe4 4. Nxe4 Nf6 5. Nxf6+ exf6 6. Bc4 Bd6 7. Qe2+ Be7 8. Be3 O-O 9. O-O-O a5 10. h4 Na6 11. Nh3 Nb4 12. Qh5 b5 13. Bd3 Nxd3+ 14. Rxd3 Qd5 15. Qxd5 cxd5 16. Nf4 Rd8 17. f3 b4 18. Bf2 Ba6 19. Rd2 a4 20. Re1 Bf8 21. Kb1 Rac8 22. Nd3 Bxd3 23. Rxd3 Rc4 24. Re2 Rdc8 25. Be1 g6 26. b3 R4c6 27. bxa4 Ra6 28. Rb3 Rxa4 29. c3 bxc3 30. Bxc3 Kg7 31. Bb2 Rc7 32. g4 Rca7 33. Bc3 Rc4 34. Bb2 Bd6 35. Rb5 Rca4 36. Rxd5 Bg3 37. Rb5 Rxa2 38. h5 Kh6 39. Bc1+ Kg7 40. Rxa2 Rd7 41. Bb2 Re7 42. d5 Re3 43. g5 gxh5 44. Bxf6+ Kg6 45. Rc2 Rd3 46. Re2 h4 47. f4 h3 48. f5+ Kxf5 49. d6+ Kg4 50. Rb4+ Kf3 51. Rc2 Rd1+ 52. Ka2 h2 53. Rb3+ Kf4 54. Rb4+ Kf5 55. Rxh2 Bxh2 56. Rb5+ Ke6 57. Be7 Bxd6 58. Bxd6 Rxd6 59. Kb2 Rd5 60. Rb6+ Ke7 61. Rf6 Rxg5 62. Rh6 Rg7 63. Kc3 f6 64. Kd4 Kf7 65. Ke4 Rg1 66. Rh2 Kg6 67. Kf4 h5 68. Rb2 Rg4+ 69. Kf3 Kg5 70. Rb8 Ra4 71. Rf8 Ra3+ 72. Ke4 Ra4+ 73. Kf3 Kf5 74. Rh8 Ra3+ 75. Kg2 Kg4 76. Rg8+ Kf4 77. Rh8 Kg5 78. Kf2 h4 79. Rg8+ Kf4 80. Rh8 Ra2+ 81. Kg1 Kg3 82. Rg8+ Kf3 83. Kh1 f5 84. Rg7 f4 85. Rh7 Rb2 86. Rg7 Rc2 87. Rf7 Rc5 0-1


[Site "https://www.chess.com"]

[Event "Titled Tuesday Blitz April 19 Late 2022"]
[White "Le Goff, Ronan"]
[Black "Kohler, Aran"]
[WhiteFideId "612073"]
[BlackFideId "1002856"]
[WhiteElo "2276"]
[BlackElo "2312"]
[Result "1-0"]
[Round "02"]
[TimeControl "180+1"]
[Date "2022.04.19"]
[WhiteClock "0:00:51"]
[BlackClock "0:00:43"]

1. d4 d5 2. c4 c6 3. Nf3 Nf6 4. Nc3 e6 5. e3 Nbd7 6. Qc2 a6 7. b3 b5 8. Bd3 Bb7 9. O-O h6 10. e4 b4 11. Na4 dxe4 12. Bxe4 Nxe4 13. Qxe4 Nf6 14. Qe3 c5 15. Nxc5 Bxc5 16. dxc5 Rc8 17. Bb2 Bxf3 18. Qxf3 Rxc5 19. Rad1 Qc7 20. Bxf6 gxf6 21. Qxf6 Rg8 22. Rfe1 Rcg5 23. g3 Qe7 24. Qxe7+ Kxe7 25. Re4 Rc5 26. Red4 Rc7 27. Kg2 a5 28. Rd6 Ra8 29. Rb6 h5 30. h4 Rd7 31. Rxd7+ Kxd7 32. Rb5 f5 33. Kf3 Kc6 34. Kf4 Kd6 35. Kg5 Rg8+ 36. Kxh5 Ke7 37. Kh6 Kf6 38. Kh7 Rg7+ 39. Kh8 Ra7 40. f3 Kg6 41. Rb8 Rh7+ 42. Kg8 Rg7+ 43. Kf8 Kf6 44. g4 fxg4 45. fxg4 Rxg4 46. h5 Rg5 47. Rb5 e5 48. Rb6+ Kf5 49. h6 Rh5 50. Kg7 e4 51. h7 Rg5+ 52. Kf7 Rh5 53. Rf6+ Ke5 54. Re6+ Kd4 55. Kg7 e3 56. h8=Q Rxh8 57. Kxh8 Kd3 58. c5 e2 59. c6 Kd2 60. c7 e1=Q 61. Rxe1 Kxe1 62. c8=Q 1-0


[Site "https://www.chess.com"]

[Event "Titled Tuesday Blitz April 19 Late 2022"]
[White "Lehtosaari, Mauri"]
[Black "Zanette, Edgard Vinicius"]
[WhiteFideId "501999"]
[BlackFideId "2109263"]
[WhiteElo "2482"]
[BlackElo "2182"]
[Result "0-1"]
[Round "02"]
[TimeControl "180+1"]
[Date "2022.04.19"]
[WhiteClock "0:00:03"]
[BlackClock "0:00:05"]

1. d4 Nf6 2. Nf3 c5 3. c3 e6 4. Bg5 d5 5. e3 Be7 6. Nbd2 Nbd7 7. Bd3 h6 8. Bh4 b6 9. O-O Bb7 10. Ne5 Nxe5 11. dxe5 Nd7 12. Bxe7 Qxe7 13. f4 O-O-O 14. Qa4 Kb8 15. b4 c4 16. Be2 f6 17. Nf3 fxe5 18. fxe5 g5 19. Qc2 g4 20. Nd4 Nxe5 21. Rf4 h5 22. Raf1 Rdg8 23. Rf6 Bc8 24. a4 Bd7 25. a5 b5 26. a6 h4 27. Kh1 g3 28. h3 Rf8 29. R6f4 Qg7 30. e4 Rxf4 31. Rxf4 Rf8 32. Qd2 Ng6 33. Rxf8+ Qxf8 34. Bf3 Qf4 35. Qxf4+ Nxf4 36. exd5 exd5 37. Kg1 Kc7 38. Kf1 Kb6 39. Ke1 Kxa6 40. Kd2 Kb6 41. Ke3 Nd3 42. Bxd5 a5 43. bxa5+ Kxa5 44. Nf3 Nc1 45. Nxh4 Na2 46. Kd4 Kb6 47. Ng6 Nc1 48. h4 Bf5 49. Ne7 Ne2+ 50. Ke3 Bd3 51. h5 Nxc3 52. Bf3 Kc5 53. h6 Bh7 54. Bg4 b4 55. Bf5 Nd5+ 56. Nxd5 Bxf5 57. Ne7 Bh7 58. Kd2 c3+ 59. Ke2 b3 0-1


[Site "https://www.chess.com"]

[Event "Titled Tuesday Blitz April 19 Late 2022"]
[White "Leitao, Rafael"]
[Black "Esipenko, Andrey"]
[WhiteFideId "2101246"]
[BlackFideId "24175439"]
[WhiteElo "2609"]
[BlackElo "2617"]
[Result "0-1"]
[Round "02"]
[TimeControl "180+1"]
[Date "2022.04.19"]
[WhiteClock "0:00:03"]
[BlackClock "0:00:03"]

1. e4 e5 2. Nf3 Nc6 3. Bb5 Nf6 4. O-O Nxe4 5. d4 exd4 6. Re1 f5 7. Nxd4 Nxd4 8. Qxd4 c6 9. Bd3 Kf7 10. Bxe4 fxe4 11. Qxe4 d5 12. Qf4+ Kg8 13. Qg3 Bf5 14. Bf4 Bxc2 15. Nd2 h6 16. Rac1 Bf5 17. Nf3 Kh7 18. Nh4 Qd7 19. Re5 Be4 20. f3 Bd3 21. Rc3 Bb1 22. Rc1 Bd3 23. Rc3 Bb1 24. Rc1 Bxa2 25. Bxh6 Kg8 26. Nf5 Rh7 27. Rce1 d4 28. Qg6 Qf7 29. Qg4 d3 30. Re7 Bxe7 31. Rxe7 d2 32. Bxd2 Qf8 33. Bc3 Bf7 34. Rd7 Re8 35. h4 Re6 36. Qg5 Kh8 37. Rd8 Re8 38. Nxg7 Rxg7 39. Qh6+ Kg8 0-1


[Site "https://www.chess.com"]

[Event "Titled Tuesday Blitz April 19 Late 2022"]
[White "Leiva, Gianmarco"]
[Black "Zor, Alber Kadir"]
[WhiteFideId "3804399"]
[BlackFideId "6353169"]
[WhiteElo "2323"]
[BlackElo "1966"]
[Result "1-0"]
[Round "02"]
[TimeControl "180+1"]
[Date "2022.04.19"]
[WhiteClock "0:00:12"]
[BlackClock "0:00:01"]

1. e4 c5 2. Nf3 d6 3. Bb5+ Bd7 4. Bxd7+ Nxd7 5. O-O Ngf6 6. Re1 e6 7. c3 Be7 8. d4 cxd4 9. cxd4 O-O 10. Nc3 Rc8 11. h3 a6 12. Bf4 Qb6 13. Qd2 Rfd8 14. Rad1 Kf8 15. Qe2 Qa5 16. Nd2 b5 17. e5 dxe5 18. dxe5 Ne8 19. Nb3 Qb6 20. Ne4 Nc5 21. Be3 Rxd1 22. Rxd1 a5 23. Rc1 Nxb3 24. Rxc8 Qb7 25. Qc2 Nc5 26. Bxc5 Bxc5 27. Qxc5+ 1-0


[Site "https://www.chess.com"]

[Event "Titled Tuesday Blitz April 19 Late 2022"]
[White "Lewtak, Damian"]
[Black "Petrova, Irina"]
[WhiteFideId "1141724"]
[BlackFideId "14124122"]
[WhiteElo "2362"]
[BlackElo "1993"]
[Result "1-0"]
[Round "02"]
[TimeControl "180+1"]
[Date "2022.04.19"]
[WhiteClock "0:00:55"]
[BlackClock "0:00:02"]

1. a3 d6 2. d4 g6 3. g3 Bg7 4. Bg2 Nf6 5. e4 O-O 6. Nc3 Nc6 7. Nf3 e5 8. dxe5 Nxe5 9. Nxe5 dxe5 10. Qxd8 Rxd8 11. h3 c6 12. Be3 Be6 13. Rd1 Nd7 14. Rd2 Nb6 15. Bf1 Rxd2 16. Kxd2 Nc4+ 17. Bxc4 Bxc4 18. b3 Be6 19. Kc1 Bf8 20. Kb2 b6 21. g4 Be7 22. Rd1 Rd8 23. Rxd8+ Bxd8 24. b4 f6 25. a4 Kf7 26. b5 cxb5 27. axb5 Ke7 28. Nd5+ Kd6 29. c4 f5 30. f3 fxe4 31. fxe4 h5 32. Kc3 hxg4 33. hxg4 Bxg4 34. Nb4 Bd7 35. Kd3 g5 36. Ke2 g4 37. Kf2 Bh4+ 38. Kg2 Be1 39. Nd5 Be6 40. Bg5 Bxd5 41. exd5 e4 42. Bf4+ Kd7 43. Kf1 Bb4 44. Kf2 Bd6 45. Bg5 g3+ 46. Kg2 Be5 47. Bh4 e3 48. Bxg3 e2 49. Be1 Bd4 50. Kf3 Kd6 51. Kxe2 Kc5 52. Kd3 Be5 53. Bf2+ Kd6 54. Bh4 Bf4 55. Bf6 Bg3 56. Bb2 Bf4 57. Ke4 Bg3 58. Bc1 Be1 59. Ba3+ Kd7 60. c5 bxc5 61. Bxc5 Ba5 62. Bxa7 Kd6 63. b6 Bxb6 64. Bxb6 Kd7 65. Ke5 1-0


[Site "https://www.chess.com"]

[Event "Titled Tuesday Blitz April 19 Late 2022"]
[White "Lin, Dachey"]
[Black "Perrine, Dalton"]
[WhiteFideId "2029650"]
[BlackFideId "2048434"]
[WhiteElo "2313"]
[BlackElo "2465"]
[Result "1-0"]
[Round "02"]
[TimeControl "180+1"]
[Date "2022.04.19"]
[WhiteClock "0:00:48"]
[BlackClock "0:00:04"]

1. g4 d5 2. Bg2 c6 3. g5 e5 4. d4 e4 5. f3 h6 6. fxe4 dxe4 7. Nc3 hxg5 8. Nxe4 g4 9. Bf4 f5 10. Ng3 Bd6 11. Qd2 Ne7 12. O-O-O Ng6 13. Bxd6 Qxd6 14. e4 f4 15. e5 Qe7 16. Ne4 O-O 17. h3 f3 18. Bf1 Bf5 19. Nd6 g3 20. Nxf3 Nd7 21. Ng5 Nb6 22. h4 Rad8 23. Nxf5 Rxf5 24. Bh3 Rf4 25. Ne6 Rxh4 26. Nxd8 Qxd8 27. Qd3 Nf4 28. Qf5 g6 29. Qe4 Nxh3 30. Qxg6+ Kh8 31. Qxg3 1-0


[Site "https://www.chess.com"]